 Dungeon Crawl Stone Soup version 0.24.0-29-g8ce449bc06 (webtiles) character file.

Game seed: 1727244946548908683, levelgen mode: deterministic

32 Kilais the Grave Robber (level 3, 0/24 HPs)
             Began as a Demonspawn Necromancer on Nov 15, 2019.
             Slain by an adder (3 damage)
             ... on level 2 of the Dungeon.
             The game lasted 00:09:16 (1503 turns).

Kilais the Grave Robber (Demonspawn Necromancer)    Turns: 1503, Time: 00:09:17

Health: 0/24       AC:  2    Str:  8    XL:     3   Next: 10%
Magic:  4/6        EV: 12    Int: 17    God:
Gold:   59         SH:  0    Dex: 13    Spells: 5/6 levels left

rFire    . . .     SeeInvis .   c - +6 dagger
rCold    . . .     Gourm    .   (no shield)
rNeg     + . .     Faith    .   a - +0 robe
rPois    .         Spirit   .   (no helmet)
rElec    .         Reflect  .   (no cloak)
rCorr    .         Harm     .   (no gloves)
MR       .....                  (no boots)
Stlth    ++........             (no amulet)
HPRegen  0.08/turn              e - ring of positive energy
MPRegen  0.10/turn              (no ring)

@: no status effects
A: rot immunity
a: no special abilities


You were on level 2 of the Dungeon.
You were not hungry.

You visited 1 branch of the dungeon, and saw 2 of its levels.

You collected 59 gold pieces.

Inventory:

Hand Weapons
 c - a +6 dagger (weapon)
Armour
 a - a +0 robe (worn)
Jewellery
 e - a ring of positive energy (left hand)
Scrolls
 d - a scroll of remove curse
Potions
 b - a potion of degeneration {unknown}


   Skills:
 + Level 1.9 Dodging
 + Level 2.2 Stealth
 * Level 2.1 Spellcasting
 * Level 5.1 Necromancy


You had 5 spell levels left.
You knew the following spells:

 Your Spells              Type           Power        Failure   Level  Hunger
a - Pain                  Necr           ###.         2%          1    #......

Your spell library contained the following spells:

 Spells                   Type           Power        Failure   Level  Hunger
 Animate Skeleton         Necr           N/A          2%          1    #......
 Vampiric Draining        Necr           ###.......   7%          3    ###....
 Regeneration             Chrm/Necr      ##........   21%         3    ###....
 Animate Dead             Necr           N/A          24%         4    #####..


Dungeon Overview and Level Annotations

Branches:
Dungeon (2/15)

Altars:


Innate Abilities, Weirdness & Mutations

You are immune to rotting.


Message History

Confirm with . or Enter, or press ? or * to list all spells.
Aiming: Pain (safe; 2% risk of failure)
Press: ? - help, Shift-Dir - straight line, f/p - giant cockroach
Aim: a giant cockroach (almost dead, chance to defeat MR: 89%)
The giant cockroach writhes in agony!
You kill the giant cockroach!
The frilled lizard barely misses you.
A bat and an adder come into view.
The adder hisses angrily.
Casting: Pain (safe; 2% risk of failure)
Confirm with . or Enter, or press ? or * to list all spells.
Aiming: Pain (safe; 2% risk of failure)
Press: ? - help, Shift-Dir - straight line, f - frilled lizard
Aim: a frilled lizard (chance to defeat MR: 89%)
The frilled lizard writhes in agony.
The frilled lizard bites you but does no damage.
You hit the frilled lizard.
You kill the frilled lizard!
The adder bites you.
You die...

##.#######
#.†.......
#..#######
.######..#
.........#
.######.##
#.#
#.########
#......@.#
########S#
b# .# .#
.# .. ..


You could see an adder and a bat.

Vanquished Creatures
  An ooze (D:2)
  2 dart slugs (D:1)
  2 leopard geckos
  A ball python (D:1)
  2 bats (D:1)
  A giant cockroach (D:2)
  3 goblins (D:1)
  2 kobolds (D:1)
  A quokka (D:2)
  3 frilled lizards
  6 rats (D:1)
24 creatures vanquished.

Notes
Turn   | Place    | Note
-------+----------+-------------------------------------------
     0 | D:1      | Kilais the Demonspawn Necromancer began the quest for the
                  | Orb.
     0 | D:1      | Reached XP level 1. HP: 13/13 MP: 3/3
   524 | D:1      | Gained mutation: You are immune to rotting. [demonic
                  | ancestry]
   524 | D:1      | Reached XP level 2. HP: 15/19 MP: 5/5
   938 | D:1      | Reached skill level 5 in Necromancy
  1465 | D:2      | Reached XP level 3. HP: 15/24 MP: 6/6
  1503 | D:2      | Slain by an adder

Levels and vault maps discovered:
D:1:      saegor_arrival_simple_e, layout_basic
D:2:      layout_loops_ring, ashenzari_altar_1

Skill      XL: |  1  2 |
---------------+-------+-----
Necromancy     | 5 |  5.1
Stealth        | 2 |  2.2
Dodging        | |  1.9
Spellcasting   | |  2.1

Action                   || total
-------------------------++-------
Melee: Dagger            ||    49
 Cast: Pain              ||    13
  Use: Scroll            ||     1
 Stab: Sleeping          ||     7
  Eat: Ration            ||     1
Armor: Robe              ||    12
Dodge: Dodged            ||    31
